 Dungeon Crawl Stone Soup version 0.21.1-1-g345015f (webtiles) character file.

49 Grenin the Cudgeler (level 3, 0/36 HPs)
             Began as a Troll Monk on Mar 9, 2018.
             Slain by an adder (1 damage)
             ... on level 3 of the Dungeon.
             The game lasted 00:07:33 (610 turns).

Grenin the Cudgeler (Troll Monk)                     Turns: 610, Time: 00:07:34

Health: 0/36       AC:  5    Str: 20    XL:     3   Next: 51%
Magic:  2/2        EV: 11    Int:  6    God:
Gold:   39         SH:  0    Dex: 12    Spells: 0/2 levels left

rFire    . . .     SeeInvis .   g - +0 glaive
rCold    . . .     Gourm    +   (shield currently unavailable)
rNeg     . . .     Faith    .   i - +0 robe
rPois    .         Spirit   .   (helmet restricted)
rElec    .         Reflect  .   (no cloak)
rCorr    .         Harm     .   (gloves unavailable)
MR       .....     Rnd*Rage +   (boots unavailable)
Stlth    ++........             (no amulet)
HPRegen  0.52/turn              (no ring)
MPRegen  0.08/turn              (no ring)

@: lethally poisoned (0 -> -1)
A: large, unfitting armour, claws 3, horns 1, berserk 1, fast metabolism 3,
gourmand, mutation resistance 1, regeneration 1, shaggy fur 1, tough skin 2
a: no special abilities


You were on level 3 of the Dungeon.
You were not hungry.

You visited 1 branch of the dungeon, and saw 3 of its levels.

You collected 39 gold pieces.

Inventory:

Hand Weapons
 a - a +0 mace
 g - a +0 glaive (weapon)
Armour
 b - a +0 robe
 i - a +0 robe (worn)
 k - a +0 leather armour
Scrolls
 d - a scroll of identify
 j - a scroll of remove curse
Potions
 e - a potion of mutation
 f - 3 potions of lignification
Books
 h - a book of Minor Magic

   Spells                             Type                      Level
   a - Magic Dart                     Conjuration                  1
   b - Blink                          Translocation                2
   c - Call Imp                       Summoning                    2
   d - Slow                           Hexes                        2
   e - Conjure Flame                  Conjuration/Fire             3
   f - Mephitic Cloud                 Conjuration/Poison/Air       3
Comestibles
 c - 3 rations


   Skills:
 + Level 2.7 Fighting
 + Level 3.3 Maces & Flails
 + Level 2.9 Dodging
 + Level 1.1 Stealth


You couldn't memorise any spells.
You knew the following spells:

 Your Spells              Type           Power        Failure   Level  Hunger
a - Call Imp              Summ           #.......     58%         2    ###....


Dungeon Overview and Level Annotations

Branches:
Dungeon (3/15)

Altars:


Innate Abilities, Weirdness & Mutations

You are too large for most types of armour.
You have claws for hands.
Your metabolism is lightning-fast.
You like to eat raw meat.
Your natural rate of healing is unusually fast.
You are covered in fur. (AC +1)
You have very tough skin. (AC +2)
You have a pair of small horns on your head.
You tend to lose your temper in combat.
You are somewhat resistant to further mutation.


Message History

You barely miss the giant cockroach.
You kill the giant cockroach!
You feel sick. The adder bites you.
* * * LOW HITPOINT WARNING * * *
The adder bites you but does no damage.
You feel sick. The adder closely misses you.
You closely miss the adder.
The adder is moderately wounded.
You feel sick. The adder misses you. The adder bites you.
* * * LOW HITPOINT WARNING * * *
You completely miss the adder.
The adder is moderately wounded.
You feel sick. The adder barely misses you. The adder bites you.
* * * LOW HITPOINT WARNING * * *
You closely miss the adder. Your headbutt misses the adder.
The adder is moderately wounded.
The adder closely misses you. The adder bites you.
* * * LOW HITPOINT WARNING * * *
The adder bites you.
You die...

######### #....<<.#
#.......# #.......#
#.......# #.@.....# #
#.S.....### ##
#.......... .#####
#.......[##
.....##########........#
.###............######.#
## ############......#
!? # ######... . ## ...#


You could see an adder.

Vanquished Creatures
  3 adders
  A worm (D:3)
  A giant cockroach (D:3)
  4 hobgoblins
  3 jackals (D:2)
  A bat (D:3)
  A goblin (D:3)
  4 kobolds (D:3)
  3 rats
  4 toadstools (D:1)
25 creatures vanquished.

Notes
Turn   | Place    | Note
-------+----------+-------------------------------------------
     0 | D:1      | Grenin the Troll Monk began the quest for the Orb.
     0 | D:1      | Reached XP level 1. HP: 22/22 MP: 0/0
   194 | D:2      | Reached skill level 3 in Maces & Flails
   194 | D:2      | Reached XP level 2. HP: 8/29 MP: 1/1
   280 | D:2      | Gained mutation: You are somewhat resistant to further mutation. [potion of mutation]
   280 | D:2      | Gained mutation: You tend to lose your temper in combat. [potion of mutation]
   280 | D:2      | Gained mutation: You have a pair of small horns on your head. [potion of mutation]
   300 | D:3      | Reached XP level 3. HP: 27/36 MP: 2/2
   569 | D:3      | Learned a level 2 spell: Call Imp
   609 | D:3      | HP: 1/36 [adder (1)]
   610 | D:3      | Slain by an adder

Skill      XL: |  1 |
---------------+----+-----
Maces & Flails | 3 |  3.3
Fighting       | |  2.7
Dodging        | |  2.9
Stealth        | |  1.1

Action                   || total
-------------------------++-------
Melee: Mace              ||    68
       Glaive            ||    14
       Headbutt          ||     8
  Use: Scroll            ||     5
       Potion            ||     2
  Eat: Ration            ||     1
Armor: Robe              ||    42
Dodge: Dodged            ||    67
